Map: Data-C

Players

MeomaikA

  • Race: Zerg Zerg
  • Spawn Location: 3:00

Bunny - Winner!

  • Race: Terran Terran
  • Spawn Location: 9:00

Event: DreamHack SC2 Masters 2022 Atlanta (Offline)

VOD

Have the link to the VOD?

Description

Time

  • Played on: Nov. 18, 2022, 8:31 p.m.
  • Length: 7:04

All games in this series

Show
View Real Time Build Order
Export as new Build Order

MeomaikA Zerg 

Build Orders: Pool First 

Get SALT Encoding   

  12  0:00  Drone  
  13  0:12  Overlord  
  13  0:16  Drone  
  14  0:30  Drone x2  
  14  0:34  Drone  
  17  0:44  Spawning Pool  
  17  0:48  Drone  
  17  1:08  Hatchery  
  17  1:11  Drone  
  17  1:12  Extractor  
  17  1:16  Drone  
  17  1:20  Drone  
  18  1:31  Zergling x2  
  18  1:32  Queen  
  19  1:38  Drone  
  22  1:51  Overlord  
  22  2:08  Queen  
  22  2:09  Drone  
  22  2:11  Metabolic Boost, Drone  
  26  2:19  Queen  
  26  2:20  Drone  
  29  2:24  Drone  
  29  2:32  Drone  
  29  2:33  Drone  
  31  2:39  Drone  
  31  2:40  Drone x2  
  31  2:42  Drone  
  35  2:44  Drone  
  35  2:52  Overlord  
  37  3:12  Drone x2  
  37  3:13  Drone x2  
  37  3:15  Drone  
  37  3:16  Hatchery  
  37  3:17  Drone  
  40  3:22  Drone x2  
  40  3:23  Drone  
  43  3:29  Lair  
  43  3:33  Extractor x2  
  41  3:35  Overlord  
  41  3:37  Zergling x2  
  41  3:38  Zergling x2  
  43  3:43  Overlord  
  43  3:46  Spore Crawler  
  43  3:47  Drone  
  43  3:59  Overlord  
  43  4:02  Drone x5  
  48  4:03  Drone  
  49  4:11  Drone x2  
  51  4:19  Queen, Spine Crawler  
  51  4:20  Spine Crawler  
  51  4:24  Zergling x4  
  51  4:25  Zergling x2  
  54  4:34  Spire  
  54  4:35  Overlord  
  54  4:38  Zergling x2  
  54  4:40  Zergling x2  
  54  4:41  Zergling x2  
  54  4:43  Zergling x2  
  56  4:47  Queen  
  56  4:51  Overlord  
  57  5:13  Zergling x14  
  40  5:44  Queen  
  40  5:45  Queen, Mutalisk x6  
  49  5:58  Mutalisk  
  40  6:14  Zergling x2  
  28  6:36  Drone  
  28  6:42  Drone  
  29  6:48  Drone  
  29  6:49  Drone x2  
Show
View Real Time Build Order
Export as new Build Order

Bunny Terran - Winner!

Build Orders: Hellion Opening, Reaper Expand 

Get SALT Encoding   

  12  0:00  SCV  
  13  0:12  SCV  
  14  0:17  Supply Depot  
  14  0:24  SCV  
  15  0:38  SCV  
  15  0:40  Barracks  
  15  0:42  Refinery  
  16  0:50  SCV  
  17  1:02  SCV  
  18  1:14  SCV  
  19  1:27  Reaper, Orbital Command  
  20  1:39  Command Center  
  20  1:47  Supply Depot  
  20  1:52  SCV  
  21  1:59  Marine  
  22  2:04  SCV  
  23  2:08  Factory  
  23  2:16  Refinery, SCV  
  23  2:19  Barracks Reactor  
  24  2:28  SCV  
  25  2:40  SCV  
  26  2:51  Orbital Command  
  26  2:52  SCV  
  26  2:54  Starport  
  27  3:01  Hellion  
  27  3:02  Hellion  
  27  3:04  SCV  
  32  3:06  Barracks Tech Lab  
  32  3:17  SCV x2  
  34  3:23  Hellion  
  34  3:24  Hellion  
  34  3:25  Marauder  
  40  3:28  Supply Depot  
  40  3:31  Viking  
  42  3:37  SCV x2  
  44  3:44  Hellion  
  46  3:50  Hellion, Marauder  
  46  3:52  Supply Depot, SCV  
  51  4:01  Medivac  
  51  4:02  Armory  
  53  4:07  Concussive Shells  
  53  4:12  SCV  
  53  4:14  Hellion  
  53  4:15  Marauder  
  58  4:17  Supply Depot  
  58  4:21  SCV  
  59  4:24  SCV  
  59  4:28  Hellion  
  62  4:39  SCV x2, Hellion  
  62  4:40  Supply Depot  
  62  4:42  Supply Depot  
  66  4:51  SCV x2  
  70  4:53  Hellion  
  70  4:57  Command Center  
  70  5:06  Hellion  
  69  5:14  Hellion  
  69  5:18  Marine  
  66  5:27  Hellion  
  66  5:28  Liberator  
  66  5:31  SCV x2  
  71  5:36  Marine  
  71  5:38  Barracks  
  71  5:39  Barracks  
  71  5:40  Barracks  
  71  5:42  Hellion  
  74  5:43  SCV x2  
  74  5:46  Engineering Bay  
  74  5:49  Hellion  
  78  5:53  Marine  
  78  5:54  Hellion x6  
  79  6:01  SCV x2  
  81  6:11  Widow Mine x2, Marine, Orbital Command  
  74  6:29  Marine  
  74  6:32  Widow Mine x2  
  69  6:36  Missile Turret  
  69  6:37  Missile Turret x2, Marine  
  69  6:38  Marine x2  
  69  6:39  Missile Turret x2  
  64  6:40  Missile Turret  
  66  6:48  Missile Turret  
Tags
 
Add a new tag
Caveats
  • Supply blocks, unpowered buildings, or Contaminate may cause inaccurate times.
  • Supply counts are checked every 10 seconds.